 Dungeon Crawl Stone Soup version 0.21-a0-338-g36cf2fc (webtiles) character file.

210 BlazeSenpai the Slasher (level 5, -2/46 HPs)
             Began as a Draconian Berserker on Oct 4, 2017.
             Was a Priest of Trog.
             Slain by an orc
             ... wielding a +0 flail
              (3 damage)
             ... on level 4 of the Dungeon.
             The game lasted 00:11:13 (2368 turns).

BlazeSenpai the Slasher (Draconian Berserker)       Turns: 2368, Time: 00:11:14

Health: -2/46      AC:  5    Str: 20    XL:     5   Next: 57%
Magic:  0/5        EV: 13    Int:  7    God:    Trog [***...]
Gold:   188        SH:  0    Dex: 11    Spells: 4/4 levels left

rFire    . . .     SeeInvis .   a - +0 falchion
rCold    . . .     Gourm    .   (no shield)
rNeg     . . .     Faith    .   (armour unavailable)
rPois    .         Spirit   +   (helmet restricted)
rElec    .         Reflect  .   (no cloak)
rCorr    .         Harm     .   (no gloves)
MR       .....                  (no boots)
Stlth    +.........             i - amulet of guardian spirit
HPRegen  0.15/turn              (no ring)
MPRegen  0.09/turn              (no ring)

@: berserk cooldown, slowed, very slow
A: unfitting armour, cold-blooded, AC +5
a: Berserk, Trog's Hand, Burn Spellbooks, Renounce Religion


You were on level 4 of the Dungeon.
You worshipped Trog.
Trog was most pleased with you.
You were not hungry.

You visited 1 branch of the dungeon, and saw 4 of its levels.

You collected 188 gold pieces.

Inventory:

Hand Weapons
 a - a +0 falchion (weapon)
Jewellery
 i - an amulet of guardian spirit (around neck)
Scrolls
 m - a scroll of enchant weapon {unknown}
 n - a scroll of enchant armour {unknown}
 o - a scroll of identify
 p - a scroll of blinking {unknown}
Potions
 d - a potion of mutation {unknown}
 e - a potion of brilliance
 g - a potion of might {unknown}
 h - 3 potions of agility {unknown}
 j - 3 potions of curing {unknown}
 l - a potion of haste {unknown}
Comestibles
 b - a bread ration
 c - a chunk of flesh
 f - 2 royal jellies
 k - a meat ration


   Skills:
 + Level 4.3 Fighting
 + Level 4.7 Long Blades
 + Level 3.9 Dodging
 + Level 0.5 Stealth


You had 4 spell levels left.
You didn't know any spells.

Dungeon Overview and Level Annotations

Branches:
Dungeon (4/15)
 Temple: D:4-7

Altars:
Dithmenos
Nemelex Xobeh


Innate Abilities, Weirdness & Mutations

Your plain brown scales are hard. (AC +5)
You cannot fit into any form of body armour.
You are cold-blooded and may be slowed by cold attacks.


Message History

The orc warrior misses you.
You closely miss the orc warrior.
The orc warrior hits you with a halberd.
* * * LOW HITPOINT WARNING * * *
The orc misses you. The orc wizard barely misses you.
You hit the orc warrior.
Your tail-slap misses the orc warrior.
The orc warrior is lightly wounded.
The orc closely misses you. The orc warrior misses you.
The orc closely misses you.
You riposte.
You barely miss the orc. The orc wizard closely misses you.
You riposte.
You hit the orc wizard.
The orc wizard is heavily wounded.
The orc hits you with a whip.
* * * LOW HITPOINT WARNING * * *
You're still recovering from your berserk rage.
You closely miss the orc wizard. You tail-slap the orc wizard.
The orc wizard is heavily wounded.
The orc warrior hits you with a halberd!
* * * LOW HITPOINT WARNING * * *
The orc hits you with a flail.
You die...

...........
...###..# #.#
##....# # #.#
...%....# ###. #.#
##.##...# ...## #.#
#......##.##...
#.##### ..#....#
#.(.8.##..... ####
...###8.#.oo#..#
...##.....o@...#
...##..###o.#(##
###.#.########
###.###.$....... #
.....##.###..... ..
........###.....
$..................
......#..#.###....
#..##..#.###....


You could see an orc warrior, an orc wizard and 2 orcs.

Vanquished Creatures
  An orc priest (D:4)
  Jessica (D:2)
  A worker ant (D:4)
  An adder (D:2)
  2 gnolls (D:2)
  An ooze (D:1)
  4 dart slugs
  4 leopard geckos
  6 orcs
  4 ball pythons
  8 bats
  4 giant cockroaches
  9 goblins
  9 hobgoblins
  3 jackals (D:2)
  2 quokkas
  6 frilled lizards
  9 kobolds
  6 rats
81 creatures vanquished.

Notes
Turn   | Place    | Note
-------+----------+-------------------------------------------
     0 | D:1      | BlazeSenpai the Draconian Berserker began the quest for the Orb.
     0 | D:1      | Reached XP level 1. HP: 19/19 MP: 1/1
    48 | D:1      | Reached XP level 2. HP: 21/26 MP: 2/2
   408 | D:1      | Reached XP level 3. HP: 30/33 MP: 3/3
   958 | D:2      | Reached ** piety under Trog
  1043 | D:2      | Noticed Jessica
  1048 | D:2      | Killed Jessica
  1048 | D:2      | Reached XP level 4. HP: 35/40 MP: 2/4
  1411 | D:2      | Found a sparkling altar of Nemelex Xobeh.
  1914 | D:3      | Reached XP level 5. HP: 41/46 MP: 5/5
  1955 | D:3      | Reached *** piety under Trog
  2010 | D:3      | Found a shadowy altar of Dithmenos.
  2360 | D:4      | Noticed an orc warrior
  2368 | D:4      | HP: 1/46 [orc warrior/halberd (11)]
  2368 | D:4      | Slain by an orc

Vault maps used:
D:1:      lightli_arrival_flooded_house
D:2:      nemelex_xobeh_ov_fountains_minmay, uniq_jessica
D:3:      grunt_dithmenos_smoke
D:4:      first_bread, guppyfry_early_orc_mine, uniq_sigmund

Skill      XL: |  1  2  3  4 |
---------------+-------------+-----
Dodging        | 3 |  3.9
Fighting       | 4 |  4.3
Long Blades    | 4 |  4.7
Stealth        | |  0.5

Action                   |  1- 3 |  4- 6 || total
-------------------------+-------+-------++-------
Melee: Falchion          |    75 |   129 ||   204
       Tailslap          |    10 |    21 ||    31
Invok: Berserk           |       |     1 ||     1
  Use: Scroll            |     2 |     2 ||     4
  Eat: Chunk             |       |     4 ||     4
       Bread ration      |       |     1 ||     1
Armor: Skin              |    19 |    37 ||    56
Dodge: Dodged            |    68 |   123 ||   191
       Rpst.: Falchion   |    18 |    40 ||    58

Table legend:
 A = Spawn XP
 B = Non-spawn XP
 C = Spawn XP percentage of total XP
 D = Spawn monster count
 E = Non-spawn monster count
 F = Spawn count percentage of total count
 G = Total turns spent on level
                    A         B        C        D         E        F      G
               +---------+---------+-------+---------+---------+-------+---------
         Total |       0 |     301 |   0.0 |       0 |      81 |   0.0 |  2368
               +---------+---------+-------+---------+---------+-------+---------
           D:1 |       0 |      47 |   0.0 |       0 |      23 |   0.0 |   912
           D:2 |       0 |     123 |   0.0 |       0 |      27 |   0.0 |   778
           D:3 |       0 |      43 |   0.0 |       0 |      23 |   0.0 |   584
           D:4 |       0 |      88 |   0.0 |       0 |       8 |   0.0 |    94
               +---------+---------+-------+---------+---------+-------+---------
